 Dungeon Crawl Stone Soup version 0.28-a0-1286-g6bde065e89 (webtiles) character file.

Game seed: 17380323487123299042

9494 browni3141 the Cleaver (level 11, -5/97 HPs)
             Began as a Ghoul Gladiator on Dec 26, 2021.
             Was a Believer of Makhleb.
             Killed by divine providence
             ... invoked by a meliai
              (12 damage)
             ... on level 11 of the Dungeon.
             The game lasted 00:34:24 (16468 turns).

browni3141 the Cleaver (Ghoul Gladiator)           Turns: 16468, Time: 00:34:24

Health: -5/97      AC: 18    Str: 23    XL:     11   Next: 47%
Magic:  31/31      EV:  7    Int:  3    God:    Makhleb [**....]
Gold:   607        SH:  0    Dex: 10    Spells: 10/10 levels left

rFire   . . .      SeeInvis .   b - +3 hand axe (freeze)
rCold   + . .      Faith    .   (no shield)
rNeg    + + +      Spirit   .   n - +1 plate armour
rPois   ∞          Reflect  .   A - +2 helmet
rElec   .          Harm     .   (no cloak)
rCorr   .          Rampage  .   (no gloves)
Will    .....                   N - +0 pair of boots
Stlth   ..........              (no amulet)
HPRegen 0.00/turn               l - ring of magical power
MPRegen 0.22/turn               H - ring of magical power

@: confused, mighty, ambrosia-drunk, inhibited regen, studying Spellcasting
A: claws 1, cold resistance 1, negative energy resistance 3, inhibited
regeneration, torment resistance 2
a: Renounce Religion, Minor Destruction


You were on level 11 of the Dungeon.
You worshipped Makhleb.
Makhleb was pleased with you.
You visited 2 branches of the dungeon, and saw 12 of its levels.
You also visited: Ossuary.

You collected 607 gold pieces.

Inventory:

Hand Weapons
 a - a +0 war axe
 b - a +3 hand axe of freezing (weapon)
 d - a +0 dagger of venom
Missiles
 m - 308 stones (quivered)
 o - 22 poisoned darts
 p - a curare-tipped dart
 u - 4 datura-tipped darts
 v - 6 boomerangs
 x - a throwing net
 K - 8 atropa-tipped darts
Armour
 c - a +0 helmet
 n - a +1 plate armour (worn)
 q - a +0 leather armour
 A - a +2 helmet (worn)
 N - a +0 pair of boots (worn)
Jewellery
 l - a ring of magical power (left claw)
 H - a ring of magical power (right claw)
 I - the ring "Tetsiqyo" {Fire rElec rCorr Str-5 Dex+5}
   (You found it on level 6 of the Dungeon)

   [ring of fire]

   It enhances your fire magic.
   Str:       It affects your strength (-5).
   Dex:       It affects your dexterity (+5).
   rF:        It protects you from fire.
   rC:        It makes you vulnerable to cold.
   rElec:     It insulates you from electricity.
   rCorr:     It protects you from acid and corrosion.
Wands
 s - a wand of digging (17)
 D - a wand of polymorph (8)
 L - a wand of paralysis (4)
 R - a wand of flame (13)
Scrolls
 f - 4 scrolls of fear
 k - 4 scrolls of magic mapping
 t - a scroll of summoning
 w - 2 scrolls of vulnerability
 y - 2 scrolls of immolation {unknown}
 B - 3 scrolls of teleportation {unknown}
 J - 2 scrolls of fog {unknown}
 M - a scroll of amnesia {unknown}
 O - a scroll of silence {unknown}
 P - a scroll of acquirement {unknown}
Potions
 e - 7 potions of curing
 h - a potion of ambrosia
 i - 3 potions of attraction
 r - 4 potions of berserk rage
 z - a potion of degeneration {unknown}
 C - 2 potions of might
 E - a potion of mutation {unknown}
 F - a potion of resistance {unknown}
 G - a potion of lignification {unknown}
 Q - a potion of haste {unknown}


   Skills:
 + Level 9.1 Fighting
 * Level 10.8 Axes
 - Level 1.7 Throwing
 + Level 7.3 Armour
 - Level 2.6 Dodging
 - Level 7.1 Stealth
 + Level 4.5 Invocations


You had 10 spell levels left.
You didn't know any spells.
Your spell library contained the following spells:

 Spells                   Type           Power      Damage    Failure   Level
 Magic Dart               Conj           0%         1d3       100%        1
 Summon Small Mammal      Summ           0%         N/A       100%        1
 Call Imp                 Summ           0%         N/A       100%        2
 Ensorcelled Hibernation  Hex/Ice        0%         N/A       100%        2
 Call Canine Familiar     Summ           0%         N/A       100%        3
 Mephitic Cloud           Conj/Pois/Air  0%         N/A       100%        3
 Summon Guardian Golem    Hex/Summ       0%         N/A       100%        3
 Tukima's Dance           Hex            0%         N/A       100%        3
 Summon Ice Beast         Ice/Summ       0%         N/A       100%        4
 Summon Mana Viper        Hex/Summ       0%         N/A       100%        5
 Enfeeble                 Hex            0%         N/A       100%        7
 Monstrous Menagerie      Summ           0%         N/A       100%        7


Dungeon Overview and Level Annotations

Branches:
Dungeon (11/15)            Temple (1/1) D:6            Lair (0/6) D:11
    Orc (0/2) D:10        Ossuary (visited)

Altars:
Ashenzari
Cheibriados
Dithmenos
Elyvilon
Fedhas
Gozag
Hepliaklqana
Kikubaaqudgha
Makhleb
Nemelex Xobeh
Okawaru
Qazlal
Ru
Sif Muna
Trog
Uskayaw
Vehumet
Wu Jian
Xom
Yredelemnul
Zin
The Shining One

Shops:
D:7 (*


Innate Abilities, Weirdness & Mutations

You thrive by killing the living.
You are immune to poison.
You have sharp fingernails.
Your flesh is cold resistant. (rC+)
You are immune to negative energy. (rN+++)
You do not regenerate when monsters are visible.
You are immune to unholy pain and torment.


Message History

* * * LOW HITPOINT WARNING * * *
The meliai closely misses you.
The meliai calls upon its god to heal the meliai.
The meliai's wounds heal themselves!
The meliai hits you with a +0 hand axe!
* * * LOW HITPOINT WARNING * * *
The meliai stings you but does no damage.
Unknown command.
You barely miss the meliai. The meliai hits you with a +0 hand axe.
* * * LOW HITPOINT WARNING * * *
The meliai stings you.
* * * LOW HITPOINT WARNING * * *
The meliai hits you with a +0 hand axe.
* * * LOW HITPOINT WARNING * * *
The meliai stings you but does no damage.
Unknown command.
Unknown command.
Blink to where?
Press: ? - help, Dir - move target, p - meliai
As you read the scroll of blinking, it crumbles to dust.
Unknown command.
You are confused.
You feel invigorated.
The meliai invokes the aid of its god against you.
Something smites you!
* * * LOW HITPOINT WARNING * * *
Unknown command.
The meliai mumbles some strange prayers to its god against you.
Something smites you!
* * * LOW HITPOINT WARNING * * *
Unknown command.
You bump into the rock wall.
Unknown command.
The meliai hits you but does no damage.
The meliai stings you but does no damage.
The meliai hits you with a +0 hand axe.
* * * LOW HITPOINT WARNING * * *
The meliai stings you but does no damage.
The meliai mumbles some strange prayers to its god against you.
Something smites you!
You die...

#....##y#,,,,,,,,
#......y+,,,,,,,,
##<..####,,,,,,,,
*##.## **,,,,,,,
##.>y#******,,,,,*
#.....,,,,***,,,**
#.y####**,* **+**
#y.# *,* *,*
#@.#### *,* *,*
#.....# *,* **,**
#.###.# *,***,,,**
#.#**,#**,**,,,,,*
#..,,,,,,,***,,,,*
###**,********,,,,
*,,,,,,,,,,,,*
**************


You could see 3 meliai.

Vanquished Creatures
  A two-headed ogre (D:9)
  The ghost of Drazool the Conjurer, a novice DrCj of Gozag (D:6)
  2 hornets
  2 trolls (D:10)
  Grinder (D:4)
  2 wyverns
  11 yaks
  A steam dragon (D:8)
  Edmund (D:5)
  2 acid dragons
  A water moccasin (D:6)
  Duvessa (D:5)
  A sky beast (D:3)
  4 ice beasts (D:6)
  A black bear (D:6)
  3 orc warriors
  4 ogres
  8 centaurs
  An elf zombie (Ossuary)
  Blork the orc (D:5)
  3 kobold brigands
  2 bullfrogs (D:8)
  2 gnoll sergeants
  7 scorpions
  Dowan (D:5)
  17 wights
  6 electric eels (D:5)
  2 howler monkeys
  3 centaur zombies
  3 hounds
  A human zombie (Ossuary)
  A water moccasin simulacrum (D:6)
  3 jellies
  3 orc priests
  2 bullfrog skeletons
  2 centaur skeletons
  2 iguanas
  Natasha (thrice) (D:3)
  3 orc wizards
  Ijyb (D:4)
  A bullfrog simulacrum (D:6)
  2 howler monkey zombies (D:8)
  2 mummies (Ossuary)
  Robin (D:4)
  9 gnolls (D:7)
  5 adders
  3 white imps
  2 ufetubi
  An adder zombie (Ossuary)
  An adder skeleton (D:4)
  4 dart slugs
  14 orcs
  7 ball pythons
  7 endoplasms
  A giant cockroach (D:2)
  15 goblins
  12 hobgoblins
  2 jackals (D:3)
  18 kobolds
  3 quokkas
  7 bats
  3 frilled lizards
  3 goblin zombies (Ossuary)
  7 hobgoblin zombies (Ossuary)
  A jackal zombie (Ossuary)
  12 kobold zombies (Ossuary)
  9 orc zombies (Ossuary)
  4 rats
272 creatures vanquished.

Vanquished Creatures (others)
  A white imp (D:6)
  10 fungi (D:8)
  2 plants (D:5)
13 creatures vanquished.

Grand Total: 285 creatures vanquished

Notes
Turn   | Place    | Note
-------+----------+-------------------------------------------
     0 | D:1      | browni3141 the Ghoul Gladiator began the quest for the Orb.
     0 | D:1      | Reached XP level 1. HP: 17/17 MP: 0/0
   268 | D:1      | Reached skill level 1 in Stealth
   400 | D:1      | Reached XP level 2. HP: 24/24 MP: 1/1
  1383 | D:2      | Reached XP level 3. HP: 29/29 MP: 2/2
  1515 | D:2      | Reached XP level 4. HP: 36/36 MP: 3/3
  1782 | D:2      | Found a faded altar of an unknown god.
  2374 | D:3      | Reached skill level 5 in Stealth
  2474 | D:3      | Noticed a sky beast
  2667 | D:3      | Killed a sky beast
  2668 | D:3      | Reached XP level 5. HP: 8/41 MP: 4/4
  3243 | D:3      | Noticed Natasha
  3254 | D:3      | Killed Natasha
  3515 | D:3      | Noticed Natasha
  3522 | D:3      | Killed Natasha
  3523 | D:3      | Reached XP level 6. HP: 38/48 MP: 5/5
  3651 | D:3      | Noticed Natasha
  3662 | D:3      | Killed Natasha
  3686 | D:4      | Noticed Ijyb
  3695 | D:4      | Killed Ijyb
  3832 | D:4      | Reached skill level 3 in Axes
  4150 | D:4      | Noticed Robin
  4175 | D:4      | Killed Robin
  4307 | D:4      | You fall into a shaft and drop 1 floor!
  4307 | D:5      | Entered Level 5 of the Dungeon
  4310 | D:5      | Reached skill level 1 in Armour
  4718 | D:5      | Reached XP level 7. HP: 34/57 MP: 6/6
  4947 | D:5      | Noticed Dowan
  4949 | D:5      | Noticed Duvessa
  4956 | D:5      | Killed Duvessa
  4957 | D:5      | Reached skill level 4 in Axes
  4957 | D:5      | Killed Dowan
  4992 | D:5      | Noticed Blork the orc
  5007 | D:5      | Killed Blork the orc
  5052 | D:5      | Noticed Edmund
  5126 | D:5      | Killed Edmund
  5127 | D:5      | Reached skill level 5 in Axes
  5127 | D:5      | Reached XP level 8. HP: 46/66 MP: 7/7
  7686 | D:4      | Reached skill level 5 in Fighting
  7686 | D:4      | Reached skill level 6 in Axes
  7694 | D:4      | Noticed Grinder
  7703 | D:4      | Killed Grinder
  7829 | D:4      | Reached XP level 9. HP: 71/74 MP: 8/8
  8458 | D:6      | Found a sand-covered staircase.
  8476 | D:6      | Reached skill level 7 in Axes
  8581 | Ossuary  | Entered an ossuary
  9161 | D:6      | Noticed Drazool's ghost (novice DrCj)
  9195 | D:6      | Found a runed translucent gate.
  9195 | D:6      | Found a runed translucent gate.
  9195 | D:6      | Found a runed translucent gate.
  9381 | D:6      | Found an ancient bone altar of Kikubaaqudgha.
  9395 | D:6      | Reached skill level 5 in Armour
  9483 | D:6      | Reached skill level 8 in Axes
  9849 | D:6      | Found a staircase to the Ecumenical Temple.
  9855 | Temple   | Entered the Ecumenical Temple
 10300 | Temple   | Became a worshipper of Makhleb the Destroyer
 10459 | D:6      | Killed Drazool's ghost
 10460 | D:6      | Reached XP level 10. HP: 40/86 MP: 9/9
 10701 | D:6      | Got the ring "Tetsiqyo" {Fire rElec rCorr Str-5 Dex+5}
 11138 | D:7      | Found a sparkling altar of Nemelex Xobeh.
 11180 | D:7      | Reached skill level 9 in Axes
 11361 | D:7      | Found Dettau's Gadget Gallery.
 11679 | D:7      | Found Muivab's Weapon Shop.
 12457 | D:8      | Reached skill level 1 in Invocations
 13222 | D:8      | Reached * piety under Makhleb
 14326 | D:9      | Reached skill level 10 in Axes
 14343 | D:9      | Reached XP level 11. HP: 75/95 MP: 12/12
 14416 | D:9      | Identified the +2 ring mail "Usefy" {Harm rN+ Int+2}
 14839 | D:9      | Reached ** piety under Makhleb
 14877 | D:9      | Noticed a two-headed ogre
 14907 | D:9      | Killed a two-headed ogre
 15280 | D:10     | Entered Level 10 of the Dungeon
 15521 | D:10     | Found a staircase to the Orcish Mines.
 16465 | D:11     | HP: 3/97 [meliai/divine providence (10)]
 16466 | D:11     | HP: 1/97 [meliai/divine providence (7)]
 16468 | D:11     | Killed from afar by a meliai

Illustrated notes

Levels and vault maps discovered:
D:1:      wander_arrival_estate, layout_basic
D:2:      layout_basic, shapermc_ecumenical_altar_notcrosses
D:3:      layout_basic, st_stairs_8, uniq_natasha
D:4:      layout_cave_pools, minivault_5, uniq_robin, uniq_ijyb, uniq_grinder
D:5:      cheibrodos_two_vegetables, layout_basic, small_statue_intersection,
          kennysheep_generic_room_14, uniq_edmund, uniq_duvessa,
          uniq_blork_the_orc
D:6:      layout_basic, lemuel_tele_altar, minmay_temple_entry_enclosed_plants,
          nicolae_ossuary_entry_false_entrances, gammafunk_ghost_icy, hex_medium
D:7:      layout_basic, nemelex_dance_club_becter, serial_co_window_serial,
          co_window_corner_a, co_window_paths_a, co_window_paths_a,
          co_window_paths_a, co_window_corner_a, co_window_paths_a,
          co_window_paths_b, co_window_paths_b, co_window_paths_a,
          co_window_corner_b, co_window_broadway_b, co_window_corner_ca,
          co_window_corner_b, co_window_broadway_b, glass_columns_c,
          glass_columns_a, glass_columns_c, serial_shops,
          nicolae_shop_hallway_stairs, nicolae_shop_gadgets
D:8:      old_forge, layout_basic, minmay_fractal_squares_diagonal_5
D:9:      layout_long_grid
D:10:     layout_gridville, orc_0_dummy
D:11:     layout_loops_corners, lair_entry_dummy, gauntlet_entry_generic
Temple:   mainiacjoe_temple_big_plus

Skill      XL: |  1  2  3  4  5  6  7  8  9 10 11 |
---------------+----------------------------------+-----
Stealth        | 2 4 6 7 |  7.1
Axes           | 3 5 6 8 10 | 10.8
Armour         | 1 2 4 5 6 7 |  7.3
Fighting       | 3 4 5 7 8 9 |  9.1
Invocations    | 3 4 |  4.5
Throwing       | |  1.7
Dodging        | |  2.6

Action                   |  1- 3 |  4- 6 |  7- 9 | 10-12 || total
-------------------------+-------+-------+-------+-------++-------
Melee: War axe           |    69 |   143 |   142 |   210 ||   564
       Hand axe          |       |       |   187 |   234 ||   421
Throw: Stone             |    10 |     5 |    12 |       ||    27
       Dart              |     3 |    50 |    65 |     3 ||   121
       Throwing net      |       |     3 |     2 |       ||     5
       Javelin           |       |    13 |    26 |    10 ||    49
       Boomerang         |       |       |     6 |       ||     6
Invok: Minor Destruction |       |       |       |    19 ||    19
Evoke: Wand              |       |     1 |    13 |     4 ||    18
  Use: Potion            |       |       |     5 |     3 ||     8
       Scroll            |       |       |     1 |     9 ||    10
 Stab: Sleeping          |     1 |       |       |       ||     1
       Paralysed         |       |       |       |     3 ||     3
Armor: Leather armour    |    11 |       |       |       ||    11
       Plate armour      |    16 |   148 |   227 |   321 ||   712
Dodge: Dodged            |    43 |    53 |   102 |   173 ||   371

Table legend: (Time is in decaauts)
 A = Elapsed time spent in this place.
 B = Non-inter-level travel time spent in this place.
 C = Inter-level travel time spent in this place.
 D = Time resting spent in this place.
 E = Time spent auto-exploring this place.
 F = Levels seen in this place.
 G = Mean time per level.
                   A        B        C        D        E       F      G
               +--------+--------+--------+--------+--------+-----+--------+
         Total |  16549 |  15594 |    955 |   1813 |  10874 |  13 | 1273.0 |
       Dungeon |  15666 |  14795 |    871 |   1813 |  10265 |  11 | 1424.2 |
        Temple |    475 |    391 |     84 |      0 |    386 |   1 |  475.0 |
       Ossuary |    407 |    407 |      0 |      0 |    223 |   1 |  407.0 |
               +--------+--------+--------+--------+--------+-----+--------+

Top non-repeatable levels by time:
     D:5: 3360 daAuts
     D:3: 1869 daAuts
     D:8: 1764 daAuts
     D:6: 1574 daAuts
     D:7: 1532 daAuts
     D:4: 1294 daAuts
     D:1: 1293 daAuts
     D:9: 1216 daAuts
    D:10: 1155 daAuts
     D:2: 587 daAuts
  Temple: 475 daAuts
 Ossuary: 407 daAuts
    D:11: 17 daAuts
